 Dungeon Crawl Stone Soup version 0.31-a0-986-g5e6e4ef867 (webtiles) character file.

Game seed: 8743251377677357524

6517 Demosthentine the Fighter (level 10, -3/73 HPs)
             Began as a Demonspawn Gladiator on Nov 8, 2023.
             Was a Follower of Hepliaklqana.
             Slain by a death yak (8 damage)
             ... on level 8 of the Dungeon.
             The game lasted 00:08:40 (8462 turns).

Demosthentine the Fighter (Demonspawn Gladiator)    Turns: 8462, Time: 00:08:41

Health: -3/73      AC: 17    Str: 16    XL:     10   Next: 69%
Magic:  10/10      EV: 16    Int: 10    God:    Hepliaklqana [*.....]
Gold:   339        SH: 10    Dex: 17    Spells: 9/9 levels left

rFire   . . .        a - +1 trident (spect)
rCold   . . .        (no shield)
rNeg    . . .        b - +0 leather armour
rPois   .            n - +2 helmet
rElec   .            g - +0 cloak
rCorr   .            s - +0 pair of gloves
SInv    .            (no boots)
Will    .....        (no amulet)
Stlth   +            (no ring)
HPRegen 0.32/turn    (no ring)
MPRegen 0.12/turn

%: no passive effects
@: studying Unarmed Combat
A: reduced essence, large bone plates 2, icemail 2, powered by death 1,
condensation shield
a: Renounce Religion, Recall Ancestor, Ancestor Identity


You were on level 8 of the Dungeon.
You worshipped Hepliaklqana.
Hepliaklqana was aware of your devotion.
You visited 2 branches of the dungeon, and saw 9 of its levels.

You collected 423 gold pieces.
You spent 84 gold pieces at shops.

Inventory:

Hand Weapons
 a - a +1 spectral trident (weapon)
Missiles
 d - a throwing net (quivered)
 e - a javelin
Armour
 b - a +0 leather armour (worn)
 g - a +0 cloak (worn)
 n - a +2 helmet (worn)
 s - a +0 pair of gloves (worn)
Jewellery
 c - the amulet of Ludicun {Faith Slay+2}
   (You found it on level 8 of the Dungeon)

   [amulet of faith]

   Faith:     It allows you to gain divine favour quickly.
   Slay+2:    It affects your accuracy & damage with ranged weapons and melee
   (+2).
Wands
 m - a wand of paralysis (13)
 r - a wand of flame (7)
Scrolls
 p - a scroll of amnesia
Potions
 f - 3 potions of resistance
 h - a potion of brilliance
 i - 2 potions of mutation
 j - 3 potions of curing
 k - 4 potions of lignification
 o - 2 potions of enlightenment
 q - a potion of cancellation {unknown}
 t - 2 potions of heal wounds {unknown}


   Skills:
 + Level 8.5 Fighting
 + Level 8.0 Polearms
 - Level 1.7 Throwing
 + Level 7.4 Armour
 + Level 8.0 Dodging


You had 9 spell levels left.
You didn't know any spells.
Your spell library contained the following spells:

 Spells                   Type           Power      Damage    Failure   Level
 Magic Dart               Conj           0%         1d3       41%         1
 Sandblast                Erth           0%         2d4       41%         1
 Cigotuvi's Dreadful Rot  Necr/Pois/Air  0%         N/A       56%         2
 Passwall                 Tmut/Erth      0%         N/A       56%         2
 Poisonous Vapours        Pois/Air       0%         N/A       56%         2
 Searing Ray              Conj           0%         2d4       56%         2
 Ignite Poison            Fire/Tmut/Pois 0%         N/A       80%         3
 Mephitic Cloud           Conj/Pois/Air  0%         N/A       80%         3
 Stone Arrow              Conj/Erth      0%         3d7       80%         3
 Volatile Blastmotes      Fire/Tloc      0%         2d10      80%         3
 Brom's Barrelling Bould  Conj/Erth      0%         2d3       99%         4
 Fulminant Prism          Conj/Hex       0%         3d5       99%         4
 Iskenderun's Mystic Bla  Conj/Tloc      0%         2d3       99%         4
 Vhi's Electric Charge    Tloc/Air       0%         N/A       99%         4
 Arcjolt                  Conj/Air       0%         1d10      100%        5
 Freezing Cloud           Conj/Ice/Air   0%         6-21      100%        5
 Maxwell's Capacitive Co  Air            0%         ∞         100%        8


Dungeon Overview and Level Annotations

Branches:
Dungeon (8/15)             Temple (1/1) D:6            Lair (0/5) D:8

Altars:
Ashenzari
Dithmenos
Fedhas
Gozag
Hepliaklqana
Kikubaaqudgha
Makhleb
Okawaru
Qazlal
Ru
Trog
Uskayaw
Vehumet
Wu Jian
Xom
Yredelemnul

Shops:
D:2 !   D:6 *

Annotations:
Temple 4 transporters


Innate Abilities, Weirdness & Mutations

Your life essence is reduced to manifest your ancestor. (-10% HP)
You are mostly covered in large bone plates. (SH +6)
A meltable icy envelope protects you from harm. (AC +8)
You regenerate a little health from kills.
A meltable shield of frost defends you. (SH +4)


Message History

The killer bee stings you but does no damage.
You block the death yak's attack.
Unknown command.
You barely miss the killer bee.
The killer bee is moderately wounded.
You block the killer bee's attack. x2; The killer bee closely misses you.
Unknown command.
You closely miss the killer bee.
The killer bee is moderately wounded.
The killer bee misses you. The death yak gores you!
* * * LOW HITPOINT WARNING * * *
You block the killer bee's attack. x2
Unknown command.
You hit the killer bee but do no damage.
The killer bee is moderately wounded.
You block the killer bee's attack. x2; The death yak barely misses you.
The killer bee stings you but does no damage. x2
You puncture the killer bee!
You kill the killer bee!
The killer bee barely misses you.
The death yak gores you but does no damage.
The killer bee closely misses you. x2
Unknown command.
Unknown command.
You miss the killer bee. The killer bee completely misses you.
You block the killer bee's attack.
The death yak gores you but does no damage.
The killer bee stings you but does no damage. x2
Unknown command.
You miss the killer bee. You block the killer bee's attack.
The killer bee barely misses you. The death yak completely misses you.
The killer bee stings you but does no damage.
The killer bee barely misses you.
Unknown command.
You hit the killer bee.
The killer bee is heavily wounded.
The killer bee barely misses you.
The killer bee stings you but does no damage.
The death yak gores you!
You die...

##.#....#########.#
#......# #.#
##....#.# #.#
#########
......#Y#### #.#
#........
##....#....# #.#
#.#######
#.#######.# ##.#
#####.####
##....#Y...# #YY#
#........#
......#Y#### #Y##
#........#
###...#.# ###@#
#..##.#..#
##Yy..Y.#


#yyy# #..##.#..# #YY....Y## ##..y# #........## YyR......# #....####.###.#...###
Yy.......+ ##.#....#............[ y........###..).....#.###.....###
#.......###.........#.# ##.#.## ##.....## #.........#.# #>### ##...##
#....#......# #.# You could see 3 death yaks and 4 killer bees.

Vanquished Creatures
  A death yak (D:8)
  Maggie (D:6)
  A kobold demonologist (D:7)
  Sigmund (D:3)
  2 wyverns (D:8)
  A steam dragon (D:7)
  A vampire mosquito (D:5)
  4 water moccasins
  3 black bears
  An orc warrior (D:4)
  2 sky beasts (D:7)
  7 ice beasts
  2 ogres (D:5)
  3 centaurs
  6 phantoms
  4 bullfrogs
  A scorpion (D:7)
  4 wights (D:7)
  2 killer bees (D:8)
  A howler monkey (D:5)
  5 hounds
  3 jellies
  An orc priest (D:7)
  2 gnoll boudas
  2 sleepcaps
  4 iguanas
  5 orc wizards
  Robin (D:3)
  9 adders
  13 gnolls
  A shadow imp (D:5)
  A white imp (D:7)
  3 ufetubi
  A worm (D:3)
  2 dart slugs (D:1)
  27 orcs
  7 bats
  8 endoplasms
  A giant cockroach (D:1)
  9 goblins
  12 hobgoblins
  8 jackals
  4 quokkas
  6 ball pythons
  A frilled lizard (D:1)
  10 kobolds
  9 rats
203 creatures vanquished.

Vanquished Creatures (collateral kills)
  A death yak (D:8)
1 creature vanquished.

Vanquished Creatures (others)
  2 ancestors (D:8)
  An orc wizard (D:6)
  A goblin (D:3)
  3 spectral weapons (D:8)
7 creatures vanquished.

Grand Total: 211 creatures vanquished

Notes
Turn   | Place    | Note
-------+----------+-------------------------------------------
     0 | D:1      | Demosthentine the Demonspawn Gladiator began the quest for
                  | the Orb.
     0 | D:1      | Reached XP level 1. HP: 16/16 MP: 1/1
   152 | D:1      | Found a faded altar of an unknown god.
   202 | D:1      | Gained mutation: A meltable shield of frost defends you.
                  | (SH +4) [demonic ancestry]
   202 | D:1      | Reached XP level 2. HP: 22/22 MP: 2/2
   638 | D:1      | Reached skill level 1 in Armour
   949 | D:2      | Gained mutation: You are partially covered in large bone
                  | plates. (SH +4) [demonic ancestry]
   949 | D:2      | Reached XP level 3. HP: 28/28 MP: 3/3
  1320 | D:2      | Gained mutation: A meltable icy envelope protects you from
                  | harm. (AC +8) [demonic ancestry]
  1320 | D:2      | Reached XP level 4. HP: 34/34 MP: 4/4
  1539 | D:2      | Found Wubreghi's Distillery.
  1547 | D:2      | Bought a potion of degeneration for 12 gold pieces
  1547 | D:2      | Bought a potion of curing for 36 gold pieces
  1986 | D:2      | Bought a potion of lignification for 36 gold pieces
  2238 | D:3      | Noticed Sigmund
  2259 | D:3      | Killed Sigmund
  2260 | D:3      | Gained mutation: A meltable icy envelope protects you from
                  | harm. (AC +8) [demonic ancestry]
  2260 | D:3      | Reached XP level 5. HP: 41/41 MP: 5/5
  2260 | D:3      | Reached XP level 6. HP: 47/47 MP: 6/6
  2380 | D:3      | Noticed Robin
  2404 | D:3      | Killed Robin
  2473 | D:3      | Noticed an ice beast
  2486 | D:3      | Killed an ice beast
  2545 | D:3      | Found a stormy altar of Qazlal.
  2890 | D:4      | Noticed an orc warrior
  2974 | D:4      | Killed an orc warrior
  2975 | D:4      | Reached XP level 7. HP: 12/54 MP: 7/7
  3143 | D:4      | Found the +8 storm bow {elec, penet}
  4031 | D:5      | Entered Level 5 of the Dungeon
  4116 | D:5      | Reached skill level 5 in Fighting
  4116 | D:5      | Reached skill level 5 in Polearms
  4116 | D:5      | Reached skill level 5 in Dodging
  4116 | D:5      | Gained mutation: You are mostly covered in large bone
                  | plates. (SH +6) [demonic ancestry]
  4116 | D:5      | Reached XP level 8. HP: 57/62 MP: 8/8
  4287 | D:5      | Found a hazy altar of Hepliaklqana.
  4713 | D:5      | Reached skill level 5 in Armour
  5043 | D:5      | Gained mutation: You regenerate a little health from kills.
                  | [demonic ancestry]
  5043 | D:5      | Reached XP level 9. HP: 53/69 MP: 9/9
  5442 | D:6      | Noticed Maggie
  5455 | D:6      | Killed Maggie
  5969 | D:6      | Found Gon Jilo's Fire Supplies.
  6105 | D:6      | Found a staircase to the Ecumenical Temple.
  6185 | Temple   | Found a transporter.
  6185 | Temple   | Found a transporter.
  6185 | Temple   | Found a transporter.
  6185 | Temple   | Found a transporter.
  6185 | Temple   | Entered the Ecumenical Temple
  6295 | D:5      | Became a worshipper of Hepliaklqana the Forgotten
  6379 | D:7      | Found a bloodstained altar of Trog.
  6651 | D:7      | Noticed a kobold demonologist
  6664 | D:7      | Killed a kobold demonologist
  6665 | D:7      | Reached XP level 10. HP: 73/79 MP: 10/10
  7913 | D:8      | Reached * piety under Hepliaklqana
  8087 | D:8      | Noticed a death yak
  8087 | D:8      | Noticed a death yak
  8088 | D:8      | Noticed a death yak
  8091 | D:8      | Noticed a death yak
  8099 | D:8      | Noticed a death yak
  8102 | D:8      | Noticed a death yak
  8193 | D:8      | Identified the amulet of Ludicun {Faith Slay+2}
  8311 | D:8      | Found a staircase to the Lair.
  8380 | D:8      | Noticed a death yak
  8391 | D:8      | Killed a death yak
  8413 | D:8      | Killed a death yak
  8457 | D:8      | HP: 3/73 [death yak (12)]
  8462 | D:8      | Slain by a death yak

Illustrated notes

Levels and vault maps discovered:
D:1:      minmay_arrival_jagged, layout_basic,
          ebering_ecumenical_altar_petrified
D:2:      layout_basic, serial_shops, shop
D:3:      layout_loops_cross, nicolae_qazlal_scattered_showers, uniq_sigmund,
          uniq_robin
D:4:      minmay_clustersquares, layout_basic
D:5:      kennysheep_six_static_rooms, layout_cave_pools, kennysheep_little_box,
          serial_park, serial_park_avenue1, serial_park_tiny_pond,
          serial_park_square2, serial_park_tiny_1, minmay_manual_mullet
D:6:      layout_loops_ring, minmay_temple_entry_drinking_statues,
          nicolae_shop_fire_sale [nicolae_sub_dead_trees], uniq_maggie
D:7:      minmay_thick_lines, layout_gridville, trog_ov_bears_minmay,
          minmay_ruined_shrine
D:8:      layout_loops_corners, dpeg_lair_monsters
Temple:   hellmonk_temple_divided_pantheon

Skill      XL: |  1  2  3  4  5  6  7  8  9 10 |
---------------+-------------------------------+-----
Dodging        | 3 4 5 6 7 8 |  8.0
Polearms       | 3 4 5 6 7 8 |  8.0
Armour         | 1 2 3 5 6 7 |  7.4
Fighting       | 3 4 5 6 7 8 |  8.5
Throwing       | |  1.7

Action                     |  1- 3 |  4- 6 |  7- 9 | 10-12 || total
---------------------------+-------+-------+-------+-------++-------
  Melee: Trident           |   120 |   240 |   441 |   140 ||   941
         Punch             |       |     3 |     4 |       ||     7
  Throw: Throwing net      |       |     7 |     2 |       ||     9
    Use: Scroll            |       |     6 |     7 |     2 ||    15
         Potion            |       |     2 |       |     2 ||     4
   Stab: Distracted        |     1 |       |     4 |     2 ||     7
         Sleeping          |       |     3 |     2 |       ||     5
 Armour: Leather armour    |    39 |    69 |   162 |    67 ||   337
         Skin              |       |    18 |     6 |       ||    24
  Dodge: Dodged            |    41 |    95 |   172 |    67 ||   375
  Block: Other             |    23 |    73 |   151 |    59 ||   306

Table legend: (Time is in decaauts)
 A = Elapsed time spent in this place.
 B = Non-inter-level travel time spent in this place.
 C = Inter-level travel time spent in this place.
 D = Time resting spent in this place.
 E = Time spent auto-exploring this place.
 F = Levels seen in this place.
 G = Mean time per level.
                   A        B        C        D        E       F      G
               +--------+--------+--------+--------+--------+-----+--------+
         Total |   8532 |   7993 |    539 |    492 |   5770 |   9 |  948.0 |
       Dungeon |   8512 |   7974 |    538 |    492 |   5770 |   8 | 1064.0 |
        Temple |     19 |     19 |      0 |      0 |      0 |   1 |   19.0 |
               +--------+--------+--------+--------+--------+-----+--------+

Top non-repeatable levels by time:
     D:5: 1466 daAuts
     D:7: 1410 daAuts
     D:4: 1245 daAuts
     D:2: 1103 daAuts
     D:1: 938 daAuts
     D:6: 883 daAuts
     D:3: 795 daAuts
     D:8: 668 daAuts
  Temple: 19 daAuts
